Construct Infanterie Kompanie
Construct Luftwaffe Kompanie
Selects Mechanized Battlegroup
Flak 30 Anti-aircraft Gun Team
Selects 8 Rad Armored Car
Marder III M Tank Destroyer
Selects Panther Heavy Tank
Selects Mechanized Assault
Luftwaffe Officer Quarters
Selects Wespe Self-propelled Artillery
Wespe Self-propelled Artillery